 Seeded DCSS version 0.30.1-4-g462c640d31 (webtiles) character file.

Game seed: 6351066067085065685 (custom seed)

18 Esekla the Grave Robber (level 2, -1/15 HPs)
             Began as a Deep Elf Necromancer on Aug 11, 2023.
             Was an Initiate of Vehumet.
             Slain by a goblin
             ... wielding a +3 dagger of speed
              (6 damage)
             ... on level 2 of the Dungeon.
             The game lasted 00:04:15 (641 turns).

Esekla the Grave Robber (Deep Elf Necromancer)       Turns: 641, Time: 00:04:16

Health: -1/15      AC:  3    Str:  5    XL:     2   Next: 51%
Magic:  8/8        EV: 13    Int: 19    God:    Vehumet [......]
Gold:   66         SH:  0    Dex: 18    Spells: 6/7 levels left

rFire   . . .        k - +5 rapier of the Hero {heavy, rN+ Dex+3}
rCold   . . .        (no shield)
rNeg    + . .        a - +0 robe
rPois   .            (no helmet)
rElec   .            (no cloak)
rCorr   .            h - +0 pair of gloves
SInv    .            (no boots)
Will    .....        (no amulet)
Stlth   ++           (no ring)
HPRegen 0.22/turn    (no ring)
MPRegen 0.11/turn

%: no passive effects
@: no status effects
A: no striking features
a: Renounce Religion


You were on level 2 of the Dungeon.
You worshipped Vehumet.
Vehumet was noncommittal.
You visited 1 branch of the dungeon, and saw 4 of its levels.

You collected 66 gold pieces.

Inventory:

Hand Weapons
 k - the +5 rapier of the Hero (weapon) {heavy, rN+ Dex+3}
   (You found it on level 3 of the Dungeon)

   Dex:       It affects your dexterity (+3).
   rN:        It protects you from negative energy.
Armour
 a - a +0 robe (worn)
 h - a +0 pair of gloves (worn)
Wands
 c - a wand of roots (9)
Scrolls
 e - a scroll of fear {unknown}
 j - a scroll of immolation {unknown}
 l - a scroll of blinking {unknown}
Potions
 b - a potion of magic
 d - a potion of ambrosia {unknown}
 f - a potion of haste {unknown}
 g - 2 potions of curing {unknown}
 i - a potion of attraction {unknown}


   Skills:
 * Level 2.6 Dodging
 + Level 2.8 Stealth
 * Level 3.2 Spellcasting
 + Level 5.3 Necromancy


You had 6 spell levels left.
You knew the following spells:

 Your Spells              Type           Power      Damage    Failure   Level
a - Necrotise             Necr           92%        1d8       1%          1

Your spell library contained the following spells:

 Spells                   Type           Power      Damage    Failure   Level
 Vampiric Draining        Necr           23%        2d7       4%          3
 Animate Dead             Necr           23%        N/A       17%         4
 Agony                    Necr           23%        N/A       43%         5


Dungeon Overview and Level Annotations

Branches:
Dungeon (4/15)
 Temple: D:4-7

Altars:
Vehumet

Shops:
D:2 =


Message History

You have reached level 2!
c - a wand of roots (9)
Things that are here:
a +0 dagger; a goblin corpse An adder comes into view.
The adder hisses angrily.
You hit the adder.
The adder is severely wounded.
The adder bites you but does no damage. The adder barely misses you.
You puncture the adder!
You kill the adder!
Vehumet accepts your kill.
Found a scroll labelled LIXOR VONLAKI.
A frilled lizard comes into view.
You puncture the frilled lizard!
You kill the frilled lizard!
Vehumet accepts your kill.
l - a scroll labelled LIXOR VONLAKI
Found a stone staircase leading up.
A gnoll comes into view. It is wielding a +0 spear.
Found Renulab's Jewellery Shop.
There is an entrance to Renulab's Jewellery Shop here.
You can access your shopping list by pressing '$'.
You see here a +0 leather armour.
Found 10 gold pieces.
You now have 56 gold pieces (gained 6).
You now have 66 gold pieces (gained 10).
A gnoll comes into view. It is wielding a +0 club.
The gnoll shouts!
A goblin comes into view. It is wielding a +3 dagger of speed.
The goblin shouts!
You see here a bubbling blue potion.
g - 2 bubbling blue potions (gained 1)
You closely miss the goblin. The goblin barely misses you.
The goblin hits you with a +3 dagger of speed.
The gnoll hits you from afar with a +0 spear.
The goblin hits you with a +3 dagger of speed.
The goblin attacks as you move away!
The goblin hits you with a +3 dagger of speed.
You die...

#)####.##..#..####....#######.##>
#.# #.##..#......[...##.......#.
#.####.##..#..#####...##.####..#.
...........#..# #...##.# #....
..####.......∩# #......# #....
..# #..####.## ##..#######.###
..####..####.# #...........# #
.............######...#######.# #
.............#.g@..#..# #)# #
.####..#######g####...#######.# #
.......# #.# ##..........# #
.####..# #g# #.########## #
.##....## #.# #.# #
.##<....######g#####.# #
.####^#...g..........# ##
#.#..#####.####### #.#..# #.#


You could see a gnoll and a goblin.

Vanquished Creatures
  An adder (D:2)
  2 ball pythons (D:1)
  A goblin (D:2)
  2 hobgoblins (D:3)
  A frilled lizard (D:2)
  3 kobolds
10 creatures vanquished.

Notes
Turn   | Place    | Note
-------+----------+-------------------------------------------
     0 | D:1      | Esekla the Deep Elf Necromancer began the quest for the
                  | Orb.
     0 | D:1      | Reached XP level 1. HP: 10/10 MP: 6/6
   318 | D:4      | Found a radiant altar of Vehumet.
   322 | D:4      | Became a worshipper of Vehumet
   399 | D:3      | Reached skill level 5 in Necromancy
   474 | D:3      | Identified the +5 rapier of the Hero {heavy, rN+ Dex+3}
   484 | D:2      | Reached XP level 2. HP: 15/15 MP: 8/8
   561 | D:2      | Found Renulab's Jewellery Shop.
   641 | D:2      | Slain by a goblin

Illustrated notes

Levels and vault maps discovered:
D:1:      sevenhm_arrival_forest_fort_small_3, layout_rooms,
          chequers_serial_rivers_room_b, minmay_misc_feat_five
D:2:      layout_loops_ring, dreamdust_ecumenical_altar_angels_and_demons,
          serial_shops, shop
D:3:      layout_basic, grunt_temple_overflow_open, minmay_misc_feat_iff
D:4:      layout_basic, nicolae_overflow_quartered_altars, serial_shops,
          nicolae_diamond_shop

Skill      XL: |  1 |
---------------+----+-----
Necromancy     | 5 |  5.3
Dodging        | |  2.6
Stealth        | |  2.8
Spellcasting   | |  3.2

Action                     || total
---------------------------++-------
  Melee: Short sword       ||    16
         Unarmed           ||     9
         Rapier            ||     5
   Stab: Sleeping          ||     2
         Distracted        ||     1
 Armour: Robe              ||     8
  Dodge: Dodged            ||    14
